SAA
CHESAPEAKE CONTINENTALS @ IRVING BLUE SOX
07/25/2021
 
TOP OF THE 1ST
Chesapeake Continentals batting - Pitching for Irving Blue Sox : RHP Pat Hunt
Pitching: RHP Pat Hunt
Batting: RHB Gustavo Varela 0-0: Ball
1-0: Called Strike
1-1: SINGLE (Line Drive, 7M)
Batting: SHB Pablo Vázquez Balk!
Gustavo Varela to second
0-0: Ball
1-0: Called Strike
1-1: SINGLE (Line Drive, 4MD)
Gustavo Varela to third
Batting: RHB Travis Brumback 0-0: Grounds into double play, 6-4-3 (Groundball, 6)
Gustavo Varela scores
Batting: RHB Mike Peterson 0-0: Ball
1-0: Ball
2-0: Foul Ball, location: 2F
2-1: Called Strike
2-2: Foul Ball, location: 2F
2-2: Strikes out swinging
Top of the 1st over - 1 run(s), 2 hit(s), 0 error(s), 0 left on base; Chesapeake 1 - Irving 0
BOTTOM OF THE 1ST
Irving Blue Sox batting - Pitching for Chesapeake Continentals : RHP Aurelio López
Pitching: RHP Aurelio López
Batting: RHB Alfredo Chávez 0-0: Ball
1-0: Called Strike
1-1: Ball
2-1: SINGLE (Groundball, 56)
Batting: RHB Dave Ash 0-0: Fly out, F8 (Flyball, 8RM)
Batting: RHB Stewart Ralston 0-0: Foul Ball, location: 2F
0-1: Ball
Wild Pitch!
Alfredo Chávez to second
1-1: Foul Ball, location: 2F
1-2: Ball
2-2: Ball
3-2: Fly out, F9 (Popup, 9S)
Batting: RHB Will Hunter 0-0: Foul Ball, location: 2F
0-1: Called Strike
0-2: Strikes out swinging
Bottom of the 1st over - 0 run(s), 1 hit(s), 0 error(s), 1 left on base; Chesapeake 1 - Irving 0
TOP OF THE 2ND
Chesapeake Continentals batting - Pitching for Irving Blue Sox : RHP Pat Hunt
Batting: LHB Bernard Horsley 0-0: Called Strike
0-1: Ball
1-1: Foul Ball, location: 2F
1-2: SINGLE (Flyball, 78S)
Batting: SHB Tim Roberts 0-0: Ball
1-0: Ball
2-0: Ball
3-0: Base on Balls
Bernard Horsley to second
Batting: LHB José Estrada 0-0: Called Strike
0-1: Ball
1-1: Ball
2-1: DOUBLE (Flyball, 8RM)
Bernard Horsley scores
Tim Roberts to third
Batting: SHB Juan Ortega 0-0: Ball
1-0: Ball
2-0: Fly out, F5 (Popup, 5)
Batting: LHB Jim Unknown 0-0: Ball
1-0: Swinging Strike
1-1: SINGLE (Popup, 8LS)
Tim Roberts scores
José Estrada to third
Batting: RHB Gustavo Varela 0-0: Called Strike
0-1: Called Strike
0-2: Strikes out swinging
Batting: SHB Pablo Vázquez 0-0: Fly out, F9 (Flyball, 89S)
Top of the 2nd over - 2 run(s), 3 hit(s), 0 error(s), 2 left on base; Chesapeake 3 - Irving 0
BOTTOM OF THE 2ND
Irving Blue Sox batting - Pitching for Chesapeake Continentals : RHP Aurelio López
Batting: RHB Robert Jackson 0-0: Foul Ball, location: 2F
0-1: Swinging Strike
0-2: Ball
1-2: Ball
2-2: Foul Ball, location: 2F
2-2: Ball
3-2: Reached on error, E4 (Groundball, 4)
Batting: RHB Stan Barnes 0-0: Ball
1-0: Called Strike
1-1: Fly out, F8 (Flyball, 8LS)
Batting: RHB Dennis Newell 0-0: Foul Ball, location: 2F
0-1: Ball
1-1: Ground out 4-3 (Groundball, 4)
Robert Jackson to third
Batting: RHB Dustin Johnstone 0-0: Foul Ball, location: 2F
0-1: Called Strike
0-2: Ball
1-2: Strikes out swinging
Bottom of the 2nd over - 0 run(s), 0 hit(s), 1 error(s), 1 left on base; Chesapeake 3 - Irving 0
TOP OF THE 3RD
Chesapeake Continentals batting - Pitching for Irving Blue Sox : RHP Pat Hunt
Batting: RHB Travis Brumback 0-0: Fly out, F9 (Popup, 4D)
Batting: RHB Mike Peterson 0-0: Called Strike
0-1: Ball
1-1: Foul Ball, location: 2F
1-2: Ball
2-2: Foul Ball, location: 2F
2-2: Foul Ball, location: 2F
2-2: Ball
3-2: SINGLE (Line Drive, 4MD)
Batting: LHB Bernard Horsley 0-0: Ball
1-0: Fly out, F7 (Flyball, 7S)
Batting: SHB Tim Roberts 0-0: Called Strike
0-1: Ground out U3 (Groundball, 3L)
Top of the 3rd over - 0 run(s), 1 hit(s), 0 error(s), 1 left on base; Chesapeake 3 - Irving 0
BOTTOM OF THE 3RD
Irving Blue Sox batting - Pitching for Chesapeake Continentals : RHP Aurelio López
Batting: RHB Jorge López 0-0: Ground out 4-3 (Groundball, 4)
Batting: RHB Alfredo Chávez 0-0: Ball
1-0: Foul Ball, location: 2F
1-1: Swinging Strike
1-2: Strikes out swinging
Batting: RHB Dave Ash 0-0: Called Strike
0-1: Ball
1-1: Ball
2-1: Foul Ball, location: 2F
2-2: Ball
3-2: SINGLE (Groundball, 34D)
Batting: RHB Stewart Ralston 0-0: Called Strike
Dave Ash steals 2nd base
0-1: Foul Ball, location: 2F
0-2: Ground out 6-3 (Groundball, 6)
Bottom of the 3rd over - 0 run(s), 1 hit(s), 0 error(s), 1 left on base; Chesapeake 3 - Irving 0
TOP OF THE 4TH
Chesapeake Continentals batting - Pitching for Irving Blue Sox : RHP Pat Hunt
Batting: LHB José Estrada 0-0: Ball
1-0: Ball
2-0: Ball
3-0: Base on Balls
Batting: SHB Juan Ortega 0-0: Foul Ball, location: 2F
0-1: Fielders Choice at 2nd, 6-4 (Groundball, 6)
Batting: LHB Jim Unknown 0-0: Ball
1-0: Called Strike
1-1: Ball
2-1: Called Strike
2-2: Strikes out swinging
Batting: RHB Gustavo Varela 0-0: Swinging Strike
0-1: Foul Ball, location: 2F
0-2: Ball
1-2: Strikes out swinging
Top of the 4th over - 0 run(s), 0 hit(s), 0 error(s), 1 left on base; Chesapeake 3 - Irving 0
BOTTOM OF THE 4TH
Irving Blue Sox batting - Pitching for Chesapeake Continentals : RHP Aurelio López
Batting: RHB Will Hunter 0-0: Ball
1-0: Swinging Strike
1-1: Foul Ball, location: 2F
1-2: Ball
2-2: Ball
3-2: Fly out, F7 (Flyball, 78D)
Batting: RHB Robert Jackson 0-0: SINGLE (Groundball, 3D)
Batting: RHB Stan Barnes 0-0: Ball
1-0: Called Strike
1-1: Foul Ball, location: 2F
1-2: Fielders Choice at 2nd, 1-4 (Groundball, 15S)
Batting: RHB Dennis Newell 0-0: Called Strike
0-1: Ball
1-1: Swinging Strike
1-2: SINGLE (Groundball, 56D)
Stan Barnes to second
Batting: RHB Dustin Johnstone 0-0: Swinging Strike
0-1: Ball
1-1: Ball
2-1: Called Strike
2-2: Foul Ball, location: 2F
2-2: Foul Ball, location: 2F
2-2: Ball
3-2: Base on Balls
Stan Barnes to third
Dennis Newell to second
Batting: RHB Jorge López 0-0: Called Strike
0-1: Ball
1-1: Ball
2-1: Called Strike
2-2: Ball
3-2: Ground out 1-3 (Groundball, 25)
Bottom of the 4th over - 0 run(s), 2 hit(s), 0 error(s), 3 left on base; Chesapeake 3 - Irving 0
TOP OF THE 5TH
Chesapeake Continentals batting - Pitching for Irving Blue Sox : RHP Pat Hunt
Batting: SHB Pablo Vázquez 0-0: Called Strike
0-1: Foul Ball, location: 2F
0-2: Ball
1-2: Ground out 3-1 (Groundball, 34)
Batting: RHB Travis Brumback 0-0: Called Strike
0-1: Called Strike
0-2: Strikes out looking
Batting: RHB Mike Peterson 0-0: Ball
1-0: Foul Ball, location: 2F
1-1: Foul Ball, location: 2F
1-2: Strikes out looking
Top of the 5th over - 0 run(s), 0 hit(s), 0 error(s), 0 left on base; Chesapeake 3 - Irving 0
BOTTOM OF THE 5TH
Irving Blue Sox batting - Pitching for Chesapeake Continentals : RHP Aurelio López
Batting: RHB Alfredo Chávez 0-0: Ball
1-0: Ball
2-0: Foul Ball, location: 2F
2-1: Foul Ball, location: 2F
2-2: Foul Ball, location: 2F
2-2: Fly out, F8 (Flyball, 8LM)
Batting: RHB Dave Ash 0-0: Called Strike
0-1: Ball
1-1: Fly out, F7 (Flyball, 78M)
Batting: RHB Stewart Ralston 0-0: Called Strike
0-1: Ball
1-1: Ball
2-1: Ball
3-1: Ground out 6-3 (Groundball, 6)
Bottom of the 5th over - 0 run(s), 0 hit(s), 0 error(s), 0 left on base; Chesapeake 3 - Irving 0
TOP OF THE 6TH
Chesapeake Continentals batting - Pitching for Irving Blue Sox : RHP Pat Hunt
Batting: LHB Bernard Horsley 0-0: Ball
1-0: Ground out 4-3 (Groundball, 34)
Batting: SHB Tim Roberts 0-0: Ball
1-0: Swinging Strike
1-1: Ball
2-1: DOUBLE (Flyball, 78XD)
Batting: LHB José Estrada 0-0: Ground out 6-3 (Groundball, 56)
Batting: SHB Juan Ortega 0-0: Ball
1-0: Ball
2-0: Called Strike
2-1: Foul Ball, location: 2F
2-2: Strikes out swinging
Top of the 6th over - 0 run(s), 1 hit(s), 0 error(s), 1 left on base; Chesapeake 3 - Irving 0
BOTTOM OF THE 6TH
Irving Blue Sox batting - Pitching for Chesapeake Continentals : RHP Aurelio López
Batting: RHB Will Hunter 0-0: Ground out 6-3 (Groundball, 6)
Batting: RHB Robert Jackson 0-0: SINGLE (Groundball, 6MD)
Batting: RHB Stan Barnes 0-0: SINGLE (Line Drive, 4MD)
Robert Jackson to second
Batting: RHB Dennis Newell 0-0: Foul Ball, location: 2F
0-1: Ball
1-1: Foul Ball, location: 2F
1-2: Grounds into double play, 6-4-3 (Groundball, 6)
Bottom of the 6th over - 0 run(s), 2 hit(s), 0 error(s), 1 left on base; Chesapeake 3 - Irving 0
TOP OF THE 7TH
Chesapeake Continentals batting - Pitching for Irving Blue Sox : RHP Pat Hunt
Batting: LHB Jim Unknown 0-0: Foul Ball, location: 2F
0-1: Ball
1-1: Fly out, F8 (Flyball, 8LD)
Batting: RHB Gustavo Varela 0-0: Ball
1-0: SINGLE (Line Drive, 8LS)
Batting: SHB Pablo Vázquez 0-0: Ball
1-0: Foul Ball, location: 2F
1-1: Ball
2-1: Foul Ball, location: 2F
2-2: SINGLE (Line Drive, 6D)
Gustavo Varela to second
Pitching: RHP Andy Perry
Batting: RHB Travis Brumback 0-0: Ball
1-0: Ball
2-0: Grounds into double play, 6-4-3 (Groundball, 6)
Top of the 7th over - 0 run(s), 2 hit(s), 0 error(s), 1 left on base; Chesapeake 3 - Irving 0
BOTTOM OF THE 7TH
Irving Blue Sox batting - Pitching for Chesapeake Continentals : RHP Aurelio López
Batting: RHB Dustin Johnstone 0-0: Ball
1-0: Swinging Strike
1-1: Foul Ball, location: 2F
1-2: Ball
2-2: Ball
3-2: Base on Balls
Batting: RHB Jorge López 0-0: Grounds into double play, 5-4-3 (Groundball, 5)
Batting: RHB Alfredo Chávez 0-0: Ball
1-0: Swinging Strike
1-1: Ball
2-1: Foul Ball, location: 2F
2-2: Strikes out swinging
Bottom of the 7th over - 0 run(s), 0 hit(s), 0 error(s), 0 left on base; Chesapeake 3 - Irving 0
TOP OF THE 8TH
Chesapeake Continentals batting - Pitching for Irving Blue Sox : RHP Andy Perry
Batting: RHB Mike Peterson 0-0: Ball
1-0: Ball
2-0: Called Strike
2-1: Called Strike
2-2: Strikes out looking
Batting: LHB Bernard Horsley 0-0: Called Strike
0-1: Swinging Strike
0-2: Ground out 1-3 (Groundball, 15)
Batting: SHB Tim Roberts 0-0: Called Strike
0-1: Foul Ball, location: 2F
0-2: Ball
1-2: Ball
2-2: SOLO HOME RUN (Flyball, 8LXD), Distance : 448 ft
Batting: LHB José Estrada 0-0: Called Strike
0-1: Ball
1-1: Foul Ball, location: 2F
1-2: Ground out 6-3 (Groundball, 6M)
Top of the 8th over - 1 run(s), 1 hit(s), 0 error(s), 0 left on base; Chesapeake 4 - Irving 0
BOTTOM OF THE 8TH
Irving Blue Sox batting - Pitching for Chesapeake Continentals : RHP Aurelio López
Batting: RHB Dave Ash 0-0: Ball
1-0: SOLO HOME RUN (Flyball, 89XD), Distance : 433 ft
Pitching: RHP Jim Unknown
Batting: RHB Stewart Ralston 0-0: Called Strike
0-1: Swinging Strike
0-2: Ball
1-2: Ball
2-2: Ball
3-2: Base on Balls
Batting: RHB Will Hunter 0-0: Ball
1-0: Foul Ball, location: 2F
1-1: Grounds into double play, 6-4-3 (Groundball, 6)
Batting: RHB Robert Jackson 0-0: Ball
1-0: SINGLE (Line Drive, 5L)
Batting: RHB Stan Barnes 0-0: Foul Ball, location: 2F
0-1: Ball
1-1: Ball
2-1: Called Strike
2-2: Strikes out swinging
Bottom of the 8th over - 1 run(s), 2 hit(s), 0 error(s), 1 left on base; Chesapeake 4 - Irving 1
TOP OF THE 9TH
Chesapeake Continentals batting - Pitching for Irving Blue Sox : RHP Andy Perry
Batting: SHB Juan Ortega 0-0: Ball
1-0: Ground out 6-3 (Groundball, 6)
Batting: LHB Jim Unknown 0-0: SINGLE (Line Drive, 4)
Batting: RHB Gustavo Varela 0-0: Ball
1-0: Called Strike
1-1: Ball
2-1: Foul Ball, location: 2F
2-2: SINGLE (Line Drive, 89S)
Jim Unknown to second
Batting: SHB Pablo Vázquez 0-0: Ball
1-0: Called Strike
Jim Unknown is caught stealing 3rd base
Gustavo Varela to second
1-1: Foul Ball, location: 2F
1-2: Foul Ball, location: 2F
1-2: Ball
2-2: Strikes out swinging
Top of the 9th over - 0 run(s), 2 hit(s), 0 error(s), 1 left on base; Chesapeake 4 - Irving 1
BOTTOM OF THE 9TH
Irving Blue Sox batting - Pitching for Chesapeake Continentals : RHP Jim Unknown
Batting: RHB Dennis Newell 0-0: Ball
1-0: Called Strike
1-1: Fly out, F7 (Flyball, 7S)
Batting: RHB Dustin Johnstone 0-0: Ball
1-0: Fly out, F6 (Popup, 6S)
Batting: RHB Jorge López 0-0: Called Strike
0-1: Foul Ball, location: 2F
0-2: Foul Ball, location: 2F
0-2: Foul Ball, location: 2F
0-2: Strikes out swinging
Bottom of the 9th over - 0 run(s), 0 hit(s), 0 error(s), 0 left on base; Chesapeake 4 - Irving 1
This league is powered by Out of the Park Baseball, the baseball management simulation game for PC, Mac and Linux
Friday, January 22nd, 2016 - OOTP Baseball 16.9 Build 39